AoeStats
← Luo_ji22

Arena

506393510Analyzed
1v1 RM · 19d ago on Sep 13, 2026· 57m 1s· 2 players
Game mode
Random Map
Map size
Tiny (2 player)
Population
200
Speed
Normal
Resources
Standard
Victory
Conquest
Starting age
Dark Age
Ending age
Imperial Age
RankedLock teamsTeams togetherTeam positionsShared explorationLock speedFull tech treeHidden civsTurbo modeCheats
Victory
Defeat
🇦🇹 Cumans · Austria
872
+16
🇨🇭 Burgundians · Switzerland
866
-24
Luo_ji22
7:12 Double-Bit Axe
7:13 Horse Collar
12:07 Feudal Age
13:59 Bow Saw
17:31 Castle Age
16:06 Heavy Plow
15:59 Gold Mining
20:13 Wheelbarrow
19:43 Scale Mail Armor
19:52 Scale Barding Armor
20:06 Town Watch
22:09 Chain Barding Armor
22:23 Crop Rotation
23:57 Two-Man Saw
22:51 Cavalier
24:13 Husbandry
28:33 Gold Shaft Mining
27:48 Stone Mining
32:02 Imperial Age
30:30 Forging
32:07 Paladin
32:54 Scale Mail Armor
34:32 Stone Shaft Mining
36:07 Plate Barding Armor
36:12 Conscription
36:59 Iron Casting
41:43 Hand Cart
41:29 Town Patrol
42:40 Light Cavalry
42:50 Man-at-Arms
43:24 Hussar
44:19 Long Swordsman
45:09 Squires
44:55 Arson
45:15 Scale Mail Armor
46:17 Blast Furnace
45:28 Two-Handed Swordsman
46:49 Chain Mail Armor
46:03 Champion
48:13 Burgundian Vineyards
49:00 Plate Mail Armor
51:58 Elite Skirmisher
MJP
9:22 Feudal Age
11:01 Double-Bit Axe
20:20 Castle Age
18:59 Wheelbarrow
19:15 Horse Collar
19:40 Stone Mining
20:39 Loom
20:24 Pikeman
21:05 Squires
21:18 Scale Mail Armor
21:28 Forging
22:39 Chain Mail Armor
24:26 Bow Saw
25:16 Heavy Plow
26:26 Bloodlines
26:58 Hand Cart
26:28 Town Watch
28:07 Town Patrol
29:31 Iron Casting
29:03 Scale Barding Armor
28:58 Fletching
29:09 Padded Archer Armor
32:23 Imperial Age
30:06 Masonry
29:52 Murder Holes
32:13 Bodkin Arrow
32:34 Leather Archer Armor
32:39 Chain Barding Armor
32:41 Ballistics
32:15 Arson
31:56 Light Cavalry
33:45 Plate Mail Armor
34:16 Blast Furnace
33:49 Guilds
36:45 Hoardings
37:16 Conscription
37:48 Plate Barding Armor
37:16 Halberdier
37:56 Hussar
43:28 Ring Archer Armor
44:02 Chemistry
43:11 Thumb Ring
42:28 Onager
42:29 Capped Ram
44:28 Two-Man Saw
44:10 Crop Rotation
44:11 Steppe Husbandry
44:47 Siege Ram
51:54 Elite Kipchak
54:12 Crossbowman
55:24 Parthian Tactics
Connection lost

Rejoining the realm…

Still unreachable

The connection could not be restored.

Session expired

The server has moved on; the page needs a fresh start.